 Dungeon Crawl Stone Soup version 0.30-a0-691-g754fce4c43 (webtiles) character file.

Game seed: 13127040227167573503

1938 Newt the Trooper (level 8, 0/64 HPs)
             Began as a Demonspawn Gladiator on Jan 19, 2023.
             Was a Believer of Ashenzari.
             Slain by a gnoll sergeant
             ... wielding a +4 heavy spear
              (15 damage)
             ... on level 6 of the Dungeon.
             The game lasted 00:07:47 (6072 turns).

Newt the Trooper (Demonspawn Gladiator)             Turns: 6072, Time: 00:07:48

Health: 0/64       AC:  3    Str: 17    XL:     8   Next: 97%
Magic:  8/8        EV: 11    Int: 10    God:    Ashenzari [**....]
Gold:   349        SH: 14    Dex: 14    Spells: 7/7 levels left

rFire   . . .      SeeInvis +    k - +3 sling (heavy)
rCold   . . .      Faith    .    d - +0 tower shield of Ashenzari's Sun {Bglg, Fort} (curse)
rNeg    . . .      Spirit   .    b - +0 leather armour of the Tethered Seer {Fort, Evo} (curse)
rPois   .          Reflect  .    (helmet restricted)
rElec   .          Harm     .    (no cloak)
rCorr   .          Rampage  .    (no gloves)
Will    .....                    (no boots)
Stlth   ++                       n - amulet of the Elysian Augur {Regen+, Cun, Fort} (curse)
HPRegen 1.10/turn                (no ring)
MPRegen 0.11/turn                (no ring)

@: no status effects
A: antennae 1, foul stench 2, sturdy frame 1
a: Renounce Religion, Curse Item, Shatter the Chains


You were on level 6 of the Dungeon.
You worshipped Ashenzari.
Ashenzari was pleased with you.
You visited 1 branch of the dungeon, and saw 6 of its levels.
You also visited: Ossuary.

You collected 349 gold pieces.

Inventory:

Hand Weapons
 a - a +0 rapier
 i - a +0 spear of freezing
 k - a +3 heavy sling (weapon)
 p - a +2 dagger of venom
 B - the +5 whip "Giblutom" {freeze, Str+4 Int+2 Stlth-}
   (You found it on level 6 of the Dungeon)

   Str:       It affects your strength (+4).
   Int:       It affects your intelligence (+2).
   Stlth:     It makes you less stealthy.
Missiles
 e - a javelin
 q - 4 throwing nets
 v - 3 silver javelins
Armour
 b - the cursed +0 leather armour of the Tethered Seer (worn) {Fort, Evo}

   It has a curse which improves the following skills: Fortitude: Armour and
   Shields.
   Evocations: Evocations.
 d - the cursed +0 tower shield of Ashenzari's Sun (worn) {Bglg, Fort}
   (You found it on level 4 of the Dungeon)

   It has a curse which improves the following skills: Beguiling: Conjurations,
   Hexes and Translocations.
   Fortitude: Armour and Shields.
Jewellery
 n - the cursed amulet of the Elysian Augur (around neck) {Regen+, Cun, Fort}
   (You found it on level 4 of the Dungeon)

   [amulet of regeneration]

   Regen:     It increases your rate of health regeneration.
   It has a curse which improves the following skills: Cunning: Dodging and
   Stealth.
   Fortitude: Armour and Shields.
Wands
 y - a wand of paralysis (10)
 A - a wand of flame (14)
Scrolls
 c - a scroll of fear
 s - a scroll of silence
 t - a scroll of enchant armour
 u - 2 scrolls of magic mapping
 w - a scroll of amnesia
Potions
 f - a potion of berserk rage
 g - 3 potions of flight
 h - 2 potions of attraction
 j - a potion of resistance
 l - 3 potions of curing
 m - 4 potions of lignification
 o - 2 potions of degeneration
 r - 2 potions of might
 x - a potion of mutation
 z - a potion of haste


   Skills:
 - Level 6.0 Fighting
 - Level 2.6 Short Blades
 + Level 5.8 Ranged Weapons
 - Level 1.7 Throwing
 - Level 5.0(6.2) Dodging
 - Level 2.9(4.0) Stealth
 - Level 3.7(6.0) Shields
 + Level 2.6(3.7) Translocations


You had 7 spell levels left.
You didn't know any spells.
Your spell library contained the following spells:

 Spells                   Type           Power      Damage    Failure   Level
 Sandblast                Erth           0%         2d4       98%         1
 Passwall                 Tmut/Erth      0%         N/A       99%         2
 Sublimation of Blood     Necr           0%         N/A       99%         2
 Ignite Poison            Fire/Tmut/Pois 0%         N/A       100%        3
 Inner Flame              Hex/Fire       0%         N/A       100%        3
 Kindle Blastsparks       Fire/Tloc/Air  4%         2d10      100%        3
 Stone Arrow              Conj/Erth      0%         3d7       100%        3
 Flame Wave               Conj/Fire      0%         2d4       100%        4
 Petrify                  Tmut/Erth      0%         N/A       100%        4
 Sticky Flame             Conj/Fire      0%         2d3       100%        4
 Freezing Cloud           Conj/Ice/Air   0%         6-21      100%        5
 Irradiate                Conj/Tmut      0%         3d11      100%        5


Dungeon Overview and Level Annotations

Branches:
Dungeon (6/15)             Temple (0/1) D:6         Ossuary (visited)

Altars:
Ashenzari
Kikubaaqudgha
Trog
Yredelemnul


Innate Abilities, Weirdness & Mutations

You have a pair of small antennae on your head.
You sometimes emit foul miasma when damaged in melee.
Your movements are slightly less encumbered by armour. (ER -2)


Message History

You feel sick.
The water moccasin is no longer moving slowly.
An adder comes into view.
The water moccasin is engulfed in dark miasma.
You feel sick.
You shoot a sling bullet.
The sling bullet hits the water moccasin!
The water moccasin is severely wounded.
You feel sick.
A centaur comes into view.
The water moccasin bites you.
* * * LOW HITPOINT WARNING * * *
You emit a cloud of foul miasma!
The water moccasin is engulfed in dark miasma.
The water moccasin bites you but does no damage.
The water moccasin is engulfed in dark miasma.
The water moccasin is poisoned.
The water moccasin seems to slow down.
You block the water moccasin's attack.
The centaur moves out of view.
You shoot a sling bullet.
The sling bullet hits the water moccasin!
You kill the water moccasin!
You feel sick.
You are no longer poisoned.
You block the adder's attack. The adder barely misses you.
The centaur barely misses you.
The centaur kicks you but does no damage.
You block the centaur's attack. The centaur barely misses you.
The centaur attacks as you move away! The centaur closely misses you. x2
You block the adder's attack. The centaur hits you.
* * * LOW HITPOINT WARNING * * *
The centaur barely misses you.
You shoot a sling bullet. The sling bullet hits the centaur!
The centaur is moderately wounded.
You block the centaur's attack. x2; The gnoll sergeant closely misses you.
The adder bites you but does no damage. The centaur hits you.
* * * LOW HITPOINT WARNING * * *
The centaur kicks you but does no damage.
The adder closely misses you.
The gnoll sergeant hits you from afar with a +4 heavy spear!
You die...

, , , * *
##########.##.#
#.....†.)......
#P...~~~~~~~~~~
#....~≈≈≈~≈≈≈≈≈
#....~≈#####≈~≈
#..g.≈≈# gg#,..
#Sc.P~≈# gg#* #
* #@...~~###o#
#....~~~.#..,*
, #....~≈~.#,
#....~≈~.# * *
#.P..~~~.# ,
,*, #....~~~.#
,,
#....~≈~.#,** '
#....~≈≈.# ,
#....≈≈~.#.#
,,,


You could see a gnoll sergeant, a centaur and an adder.

Vanquished Creatures
  The ghost of holysushi the Cutter, an amateur OpMo (D:5)
  A warg (D:6)
  2 water moccasins
  An ice beast (D:5)
  2 black bears (D:5)
  3 ogres
  2 elf zombies (Ossuary)
  A necrophage (D:5)
  A howler monkey (D:6)
  10 hounds
  A jelly (D:5)
  An orc priest (D:5)
  Jessica (D:2)
  An iguana (D:4)
  2 mummies (Ossuary)
  7 gnolls
  5 adders
  An ufetubus (D:5)
  2 adder zombies (Ossuary)
  3 worms (D:2)
  A dart slug (D:5)
  9 orcs
  9 ball pythons
  2 endoplasms
  2 giant cockroaches (D:1)
  7 goblins
  5 hobgoblins
  6 jackals (D:1)
  3 quokkas
  6 bats
  8 frilled lizards
  3 goblin zombies (Ossuary)
  7 hobgoblin zombies (Ossuary)
  6 kobolds
  11 kobold zombies (Ossuary)
  11 orc zombies (Ossuary)
  9 rats
  A rat zombie (Ossuary)
154 creatures vanquished.

Vanquished Creatures (others)
  A plant (D:6)
1 creature vanquished.

Grand Total: 155 creatures vanquished

Notes
Turn   | Place    | Note
-------+----------+-------------------------------------------
     0 | D:1      | Newt the Demonspawn Gladiator began the quest for the Orb.
     0 | D:1      | Reached XP level 1. HP: 16/16 MP: 1/1
    96 | D:1      | Reached skill level 1 in Stealth
   204 | D:1      | Gained mutation: You may rarely emit foul miasma when
                  | damaged in melee. [demonic ancestry]
   204 | D:1      | Reached XP level 2. HP: 3/22 MP: 2/2
   799 | D:1      | Found a faded altar of an unknown god.
   814 | D:1      | Reached XP level 3. HP: 27/27 MP: 3/3
   821 | D:1      | Prayed at the altar of an unknown god.
   821 | D:1      | Became a worshipper of Ashenzari the Shackled
  1451 | D:2      | Noticed Jessica
  1452 | D:2      | Killed Jessica
  1453 | D:2      | Reached skill level 3 in Fighting
  1453 | D:2      | Gained mutation: You have a pair of small antennae on your
                  | head. [demonic ancestry]
  1453 | D:2      | Reached XP level 4. HP: 35/35 MP: 4/4
  2141 | D:3      | Reached skill level 4 in Fighting
  2141 | D:3      | Reached XP level 5. HP: 31/42 MP: 5/5
  2187 | D:3      | Found an ancient bone altar of Kikubaaqudgha.
  2520 | D:3      | Reached skill level 1 in Ranged Weapons
  3190 | D:4      | Found a bloodstained altar of Trog.
  3228 | D:4      | Found a sand-covered staircase.
  3234 | Ossuary  | Entered an ossuary
  3336 | Ossuary  | Gained mutation: You sometimes emit foul miasma when
                  | damaged in melee. [demonic ancestry]
  3336 | Ossuary  | Reached XP level 6. HP: 45/48 MP: 6/6
  3697 | D:4      | HP: 1/48 [gnoll/+0 spear (3)]
  3959 | D:4      | Reached * piety under Ashenzari
  4588 | D:4      | Reached ** piety under Ashenzari
  4614 | D:5      | Entered Level 5 of the Dungeon
  4617 | D:5      | Reached skill level 5 in Ranged Weapons
  4617 | D:5      | Reached skill level 1 in Shields
  4617 | D:5      | Reached XP level 7. HP: 47/54 MP: 7/7
  4688 | D:5      | Found a transporter.
  4737 | D:5      | Identified the +1 dire flail of the Peculiar Beds {pain,
                  | rC+ rN+ Stlth-}
  4739 | D:5      | Noticed holysushi's ghost (amateur OpMo)
  5332 | D:5      | Found a transporter.
  5405 | D:5      | Gained mutation: Your movements are slightly less
                  | encumbered by armour. (ER -2) [demonic ancestry]
  5405 | D:5      | Reached XP level 8. HP: 25/60 MP: 8/8
  5719 | D:5      | Reached skill level 5 in Dodging
  5726 | D:5      | Killed holysushi's ghost
  5727 | D:5      | Reached skill level 5 in Fighting
  5782 | D:6      | Found a staircase to the Ecumenical Temple.
  5843 | D:6      | Found a basalt altar of Yredelemnul.
  5875 | D:6      | Identified the +5 whip "Giblutom" {freeze, Str+4 Int+2
                  | Stlth-}
  5957 | D:6      | Reached skill level 6 in Fighting
  5962 | D:6      | Reached skill level 1 in Translocations
  6072 | D:6      | Slain by a gnoll sergeant

Illustrated notes

Levels and vault maps discovered:
D:1:      saegor_arrival_miasma, layout_loops_ring,
          chequers_ecumenical_altar_simple
D:2:      layout_basic, minmay_ruptured, uniq_jessica
D:3:      layout_loops_corners, old_standard_altar, minmay_diced_spiral
D:4:      layout_gridville, mainiacjoe_overflow_cross_hatched,
          nicolae_ossuary_entry_plus, dreamdust_princess_bridge
D:5:      layout_cave_pools, gammafunk_ghost_smash, minmay_curled_crystal
D:6:      lemuel_castle_with_subvaults [lemuel_castle_interior_carwin_3],
          layout_loops_ring, mainiacjoe_overflow_24_doors,
          fedhas_altar_fruit_tree, minmay_temple_entry_glassed_door,
          minmay_misc_feat_cross

Skill      XL: |  1  2  3  4  5  6  7  8 |
---------------+-------------------------+-----
Stealth        | 1 2 |  2.9
Fighting       | 3 4 6 |  6.0
Ranged Weapons | 3 5 |  5.8
Shields        | 1 3 |  3.7
Dodging        | 4 5 |  5.0
Translocations | 2 |  2.6
Short Blades   | |  2.6
Throwing       | |  1.7

Action                   |  1- 3 |  4- 6 |  7- 9 || total
-------------------------+-------+-------+-------++-------
Melee: Rapier            |    79 |       |       ||    79
       Punch             |     3 |       |       ||     3
       Spear             |    52 |       |       ||    52
 Fire: Sling             |    12 |   182 |   151 ||   345
Throw: Javelin           |     1 |       |       ||     1
       Throwing net      |     1 |     2 |       ||     3
Invok: Curse Item        |     1 |     3 |       ||     4
  Use: Scroll            |     2 |    10 |       ||    12
       Potion            |       |       |     1 ||     1
 Stab: Sleeping          |     6 |       |       ||     6
Armor: Leather armour    |    44 |    24 |    18 ||    86
Dodge: Dodged            |   112 |    80 |    57 ||   249
Block: Tower shield      |       |     3 |    95 ||    98

Table legend: (Time is in decaauts)
 A = Elapsed time spent in this place.
 B = Non-inter-level travel time spent in this place.
 C = Inter-level travel time spent in this place.
 D = Time resting spent in this place.
 E = Time spent auto-exploring this place.
 F = Levels seen in this place.
 G = Mean time per level.
                   A        B        C        D        E       F      G
               +--------+--------+--------+--------+--------+-----+--------+
         Total |   6435 |   6235 |    200 |   1475 |   3505 |   7 |  919.3 |
       Dungeon |   6086 |   5886 |    200 |   1475 |   3398 |   6 | 1014.3 |
       Ossuary |    349 |    349 |      0 |      0 |    107 |   1 |  349.0 |
               +--------+--------+--------+--------+--------+-----+--------+

Top non-repeatable levels by time:
     D:4: 1258 daAuts
     D:5: 1255 daAuts
     D:3: 1175 daAuts
     D:1: 1042 daAuts
     D:2: 987 daAuts
     D:6: 368 daAuts
 Ossuary: 349 daAuts
